 Dungeon Crawl Stone Soup version 0.23-a0-483-g32a748b514 (webtiles) character file.

26 Naow the Shield-Bearer (level 3, -1/29 HPs)
             Began as a Formicid Fighter on Nov 30, 2018.
             Succumbed to a killer bee's poison
             ... on level 2 of the Dungeon.
             The game lasted 00:01:01 (959 turns).

Naow the Shield-Bearer (Formicid Fighter)            Turns: 959, Time: 00:01:01

Health: -1/29      AC:  6    Str: 21    XL:     3   Next: 22%
Magic:  3/3        EV:  8    Int:  7    God:
Gold:   78         SH:  9    Dex: 10    Spells: 2/2 levels left

rFire    . . .     SeeInvis +   a - +0 war axe
rCold    . . .     Gourm    .   c - +0 shield
rNeg     . . .     Faith    .   b - +0 scale mail
rPois    .         Spirit   .   (helmet unavailable)
rElec    .         Reflect  .   (no cloak)
rCorr    .         Harm     .   (no gloves)
MR       .....                  (no boots)
Stlth    ..........             (no amulet)
HPRegen  0.09/turn              (no ring)
MPRegen  0.08/turn              (no ring)

@: lethally poisoned (-1 -> -15)
A: permanent stasis, dig shafts and tunnels, four strong arms, antennae 3
a: Dig, Shaft Self


You were on level 2 of the Dungeon.
You were not hungry.

You visited 1 branch of the dungeon, and saw 2 of its levels.

You collected 78 gold pieces.

Inventory:

Hand Weapons
 a - a +0 war axe (weapon)
Armour
 b - a +0 scale mail (worn)
 c - a +0 shield (worn)
Scrolls
 e - 2 scrolls of fear {unknown}
 h - a scroll of blinking {unknown}
 i - a scroll of teleportation {unknown}
 j - a scroll of enchant armour {unknown}
 k - a scroll of identify {unknown}
Potions
 d - a potion of might
Comestibles
 f - a ration
 g - a chunk of flesh


   Skills:
 - Level 3.6 Fighting
 + Level 2.5 Axes
 - Level 3.5 Armour
 - Level 4.0 Shields


You had 2 spell levels left.
You didn't know any spells.
Your spell library was empty.

Dungeon Overview and Level Annotations

Branches:
Dungeon (2/15)

Altars:


Innate Abilities, Weirdness & Mutations

You cannot be hasted, slowed, berserked, paralysed or teleported.
You can dig through walls and to a lower floor.
Your four strong arms can wield two-handed weapons with a shield.
You have a pair of large antennae on your head. (SInv)


Message History

You are lethally poisoned!
The killer bee poisons you! The killer bee stings you. x2
You block the killer bee's attack. The killer bee stings you.
* * * LOW HITPOINT WARNING * * *
You are too injured to fight recklessly!
You are too injured to fight recklessly!
* * * LOW HITPOINT WARNING * * *
You feel sick.
* * * LOW HITPOINT WARNING * * *
You feel sick. The killer bee closely misses you.
* * * LOW HITPOINT WARNING * * *
You feel sick.
* * * LOW HITPOINT WARNING * * *
You feel sick. You block the killer bee's attack.
* * * LOW HITPOINT WARNING * * *
You feel sick.
The killer bee stings you but does no damage.
* * * LOW HITPOINT WARNING * * *
You feel sick. You block the killer bee's attack.
You die...

#.) ..## #...
#..### #
#....#.#
#..#.#.#
#y.yy..#
#..#y######
....>#y.yy.@#
#.############
# {


You could see 4 killer bees.

Vanquished Creatures
  2 dart slugs (D:1)
  A leopard gecko (D:1)
  3 goblins (D:1)
  4 hobgoblins (D:1)
  4 bats (D:1)
  3 frilled lizards (D:1)
  2 kobolds (D:1)
  A rat (D:1)
20 creatures vanquished.

Notes
Turn   | Place    | Note
-------+----------+-------------------------------------------
     0 | D:1      | Naow the Formicid Fighter began the quest for the Orb.
     0 | D:1      | Reached XP level 1. HP: 18/18 MP: 1/1
    75 | D:1      | Reached XP level 2. HP: 24/24 MP: 2/2
   298 | D:1      | Reached skill level 4 in Shields
   445 | D:1      | Reached XP level 3. HP: 25/29 MP: 3/3
   948 | D:2      | Noticed a killer bee
   949 | D:2      | Noticed a killer bee
   949 | D:2      | Noticed a killer bee
   951 | D:2      | Noticed a killer bee
   957 | D:2      | HP: 1/29 [poisoned by a killer bee]
   959 | D:2      | Succumbed to a killer bee's poison

Vault maps used:
D:1:      nicolae_arrival_memento_mori
D:2:      chequers_ecumenical_altar_grove, kennysheep_slug_shrine

Skill      XL: |  1  2 |
---------------+-------+-----
Shields        | 4 |  4.0
Fighting       | |  3.6
Axes           | |  2.5
Armour         | |  3.5

Action                   || total
-------------------------++-------
Melee: War axe           ||    82
Armor: Scale mail        ||    47
Dodge: Dodged            ||    35
Block: Shield            ||    65

Table legend:
 A = Non-vault XP
 B = Vault XP
 C = Vault XP percentage of total XP
 D = Non-vault monster count
 E = Vault monster count
 F = Vault count percentage of total count
                 A         B        C        D         E       F
            +---------+---------+-------+---------+---------+-------
      Total |      38 |       0 |   0.0 |      20 |       0 |   0.0
            +---------+---------+-------+---------+---------+-------
        D:1 |      38 |       0 |   0.0 |      20 |       0 |   0.0
            +---------+---------+-------+---------+---------+-------
